Workbook

Sheet Sheet1
A2: Statut | B2: Qui | C2: Date | D2: Heure | E2: Nom | F2: Détails | G2: Nom | H2: Quantité | I2: Mesurage | J2: Prix unitaire | K2: Prix total (HTVA) | L2: TVA | M2: Prix (TTC) | N2: Paiement | O2: Statut | P2: Contact | Q2: Numéro | R2: Mail / web | S2: Comment
A3: Payé | B3: User1 | E3: Valeur1 | H3: 3 | I3: 1 | J3: 4 | K3: =J3*I3*H3 -> 12 | L3: 0.06 | M3: =K3+L3*K3 -> 12.72
B4: User1 | E4: Valeur2 | H4: 1 | I4: 1 | J4: 2.5 | K4: =J4*I4*H4 -> 2.5 | L4: 0.21 | M4: =K4+L4*K4 -> 3.025

Sheet Sheet2
A2: Statut | B2: Qui | C2: Date | D2: Heure | E2: Nom | F2: Détails | G2: Nom | H2: Quantité | I2: Mesurage | J2: Prix unitaire | K2: Prix total (HTVA) | L2: TVA | M2: Prix (TTC) | N2: Paiement | O2: Statut | P2: Contact | Q2: Numéro | R2: Mail / web | S2: Comment
A3: Payé | B3: User1 | E3: Valeur4 | H3: 8 | I3: 1 | J3: 7 | K3: =J3*I3*H3 -> 56 | L3: 0.06 | M3: =K3+L3*K3 -> 59.36
B4: User1 | E4: Valeur5 | H4: 1 | I4: 1 | J4: 3.25 | K4: =J4*I4*H4 -> 3.25 | L4: 0.21 | M4: =K4+L4*K4 -> 3.9325
B5: User2 | E5: Valeur6 | H5: 3 | I5: 1 | J5: 3.75 | K5: =J5*I5*H5 -> 11.25 | L5: 0.21 | M5: =K5+L5*K5 -> 13.6125

Sheet Sheet3
A2: Statut | B2: Qui | C2: Date | D2: Heure | E2: Nom | F2: Détails | G2: Nom | H2: Quantité | I2: Mesurage | J2: Prix unitaire | K2: Prix total (HTVA) | L2: TVA | M2: Prix (TTC) | N2: Paiement | O2: Statut | P2: Contact | Q2: Numéro | R2: Mail / web | S2: Comment

Sheet Bilan
A2: Statut | B2: Qui | C2: Date | D2: Heure | E2: Nom | F2: Détails | G2: Nom | H2: Quantité | I2: Mesurage | J2: Prix unitaire | K2: Prix total (HTVA) | L2: TVA | M2: Prix (TTC) | N2: Paiement | O2: Statut | P2: Contact | Q2: Numéro | R2: Mail | S2: Comment
A3: =Sheet1!A3 -> Payé | B3: =Sheet1!B3 -> User1 | C3: =Sheet1!C3 -> 0 | D3: =Sheet1!D3 -> 0 | E3: =Sheet1!E3 -> Valeur1 | F3: =Sheet1!F3 -> 0 | G3: =Sheet1!G3 -> 0 | H3: =Sheet1!H3 -> 3 | ... M3: =Sheet1!M3 -> 12.72 | O3: =Sheet1!N3 -> 0 | P3: =Sheet1!O3 -> 0 | Q3: =Sheet1!P3 -> 0 | R3: =Sheet1!Q3 -> 0 | S3: =Sheet1!R3 -> 0
A4: =Sheet1!A4 -> 0 | B4: =Sheet1!B4 -> User1 | C4: =Sheet1!C4 -> 0 | D4: =Sheet1!D4 -> 0 | E4: =Sheet1!E4 -> Valeur2 | F4: =Sheet1!F4 -> 0 | G4: =Sheet1!G4 -> 0 | H4: =Sheet1!H4 -> 1 | ... M4: =Sheet1!M4 -> 3.025 | O4: =Sheet1!N4 -> 0 | P4: =Sheet1!O4 -> 0 | Q4: =Sheet1!P4 -> 0 | R4: =Sheet1!Q4 -> 0 | S4: =Sheet1!R4 -> 0
A5: =Sheet2!A3 -> Payé | B5: =Sheet2!B3 -> User1 | C5: =Sheet2!C3 -> 0 | D5: =Sheet2!D3 -> 0 | E5: =Sheet2!E3 -> Valeur4 | F5: =Sheet2!F3 -> 0 | G5: =Sheet2!G3 -> 0 | H5: =Sheet2!H3 -> 8 | ... S5: =Sheet2!S3 -> 0
A6: =Sheet2!A4 -> 0 | B6: =Sheet2!B4 -> User1 | C6: =Sheet2!C4 -> 0 | D6: =Sheet2!D4 -> 0 | E6: =Sheet2!E4 -> Valeur5 | F6: =Sheet2!F4 -> 0 | G6: =Sheet2!G4 -> 0 | H6: =Sheet2!H4 -> 1 | ... S6: =Sheet2!S4 -> 0
A7: =Sheet2!A5 -> 0 | B7: =Sheet2!B5 -> User2 | C7: =Sheet2!C5 -> 0 | D7: =Sheet2!D5 -> 0 | E7: =Sheet2!E5 -> Valeur6 | F7: =Sheet2!F5 -> 0 | G7: =Sheet2!G5 -> 0 | H7: =Sheet2!H5 -> 3 | ... S7: =Sheet2!S5 -> 0
M12: =SUM(M3:M11) -> 92.65

Sheet Bilan2
A2: Statut | B2: Qui | C2: Date | D2: Heure | E2: Nom | F2: Détails | G2: Nom | H2: Quantité | I2: Mesurage | J2: Prix unitaire | K2: Prix total (HTVA) | L2: TVA | M2: Prix (TTC) | N2: Paiement | O2: Statut | P2: Contact | Q2: Numéro | R2: Mail | S2: Comment
A3: =INDEX(Sheet1,MATCH(Sheet1!B3,INDEX,1),COLUMN()) -> #NAME?
M7: =SUM(M3:M6) -> 0
